 Dungeon Crawl Stone Soup version 0.27-b1-42-g19c61b19a5 (webtiles) character file.

Game seed: 13506485392554489856

75 ZARRMARR the Caller (level 4, -1/30 HPs)
             Began as a Merfolk Summoner on July 29, 2021.
             Slain by an orc wizard (3 damage)
             ... on level 3 of the Dungeon.
             The game lasted 00:18:32 (3177 turns).

ZARRMARR the Caller (Merfolk Summoner)              Turns: 3177, Time: 00:18:33

Health: -1/30      AC:  2    Str:  9    XL:     4   Next: 31%
Magic:  4/7        EV: 13    Int: 14    God:
Gold:   82         SH:  0    Dex: 14    Spells: 6/7 levels left

rFire    . . .     SeeInvis .   c - +0 spear
rCold    . . .     Faith    .   (no shield)
rNeg     . . .     Spirit   .   a - +0 robe
rPois    .         Reflect  .   (no helmet)
rElec    .         Harm     .   (no cloak)
rCorr    .         Rampage  .   (no gloves)
Will     .....                  (no boots)
Stlth    ++........             (no amulet)
HPRegen  0.10/turn              (no ring)
MPRegen  0.10/turn              (no ring)

@: no status effects
A: (nimble swimmer 2), mertail
a: no special abilities


You were on level 3 of the Dungeon.
You visited 1 branch of the dungeon, and saw 3 of its levels.

You collected 82 gold pieces.

Inventory:

Hand Weapons
 c - a +0 spear (weapon)
 e - a +0 dagger
Missiles
 b - 78 stones
 d - 2 poisoned darts (quivered)
Armour
 a - a +0 robe (worn)
Magical Staves
 g - a staff of cold
Scrolls
 h - a scroll of magic mapping
 j - a scroll of amnesia {unknown}
Potions
 i - a potion of degeneration {unknown}


   Skills:
 + Level 0.3 Fighting
 + Level 1.3 Polearms
 * Level 1.2 Throwing
 + Level 3.0 Dodging
 + Level 3.0 Stealth
 - Level 0.2 Unarmed Combat
 + Level 2.3 Spellcasting
 + Level 4.6 Summonings


You had 6 spell levels left.
You knew the following spells:

 Your Spells              Type           Power      Damage    Failure   Level
a - Summon Small Mammal   Summ           56%        N/A       3%          1

Your spell library contained the following spells:

 Spells                   Type           Power      Damage    Failure   Level
 Call Imp                 Summ           14%        N/A       5%          2
 Call Canine Familiar     Summ           14%        N/A       11%         3
 Animate Skeleton         Necr           2%         N/A       24%         1
 Apportation              Tloc           2%         N/A       24%         1
 Corona                   Hex            1%         N/A       24%         1
 Summon Guardian Golem    Hex/Summ       8%         N/A       26%         3
 Summon Lightning Spire   Summ/Air       8%         N/A       65%         4


Dungeon Overview and Level Annotations

Branches:
Dungeon (3/15)

Altars:
Elyvilon
Nemelex Xobeh


Innate Abilities, Weirdness & Mutations

((You are quick and stealthy near water. (Stealth+, EV+, Speed+++)))
Your lower body shifts to a powerful aquatic tail in water.


Message History

Casting: Summon Small Mammal (safe; 3% risk of failure)
Confirm with . or Enter, or press ? or * to list all spells.
Reach: c) +0 spear
Press: ? - help, Dir - move target, f - orc wizard, p - orc
Aim: an orc wizard, wielding a +0 dagger and wearing a +0 robe (moderately wounded, ally target, about 47% to evade your +0 spear)
You reach to attack!
You completely miss the orc wizard.
The orc wizard is moderately wounded.
You hit the orc wizard but do no damage.
The orc wizard is moderately wounded.
The orc wizard hits you with a +0 dagger.
Your quokka bites the orc wizard but does no damage.
You hit the orc.
You kill the orc!
The orc wizard hits you with a +0 dagger.
Your quokka bites the orc wizard but does no damage.
You hit the orc wizard.
The orc wizard is moderately wounded.
The orc wizard hits you with a +0 dagger.
Your quokka bites the orc wizard.
You closely miss the orc wizard.
The orc wizard is heavily wounded.
Your quokka barely misses the orc wizard.
The orc wizard points at you and mumbles some strange words.
You resist with some effort.
Your quokka barely misses the orc wizard.
You hit the orc wizard.
The orc wizard is heavily wounded.
The orc wizard points at you and mumbles some strange words.
The puff of flame hits you!
* * * LOW HITPOINT WARNING * * *
Your quokka closely misses the orc wizard.
You closely miss the orc wizard.
The orc wizard is heavily wounded.
The orc wizard hits you with a +0 dagger.
* * * LOW HITPOINT WARNING * * *
Your quokka barely misses the orc wizard.
You closely miss the orc wizard.
The orc wizard is heavily wounded.
The orc wizard hits you with a +0 dagger.
You die...

#..P.# .....#
#....# ..
#..≈.#.((
#..≈(#([.
#..≈((...
####r.≈(#
#...@o..#
+....)..#
#....._.#
#.......#
#.......#####
#.....≈......
#.....≈.###.#
#.....§......
#####.≈.###.#


You could see an orc wizard (ally target) and a friendly quokka (summoned).

Vanquished Creatures
  An adder (D:2)
  A worm (D:2)
  2 dart slugs (D:2)
  An orc (D:3)
  An endoplasm (D:3)
  2 goblins (D:2)
  A hobgoblin (D:2)
  A quokka (D:1)
  4 bats
  A frilled lizard (D:3)
  5 kobolds
  6 rats
26 creatures vanquished.

Vanquished Creatures (collateral kills)
  An orc wizard (D:3)
  An adder (D:2)
  3 ball pythons (D:1)
  An endoplasm (D:3)
  3 hobgoblins
  A kobold (D:1)
  2 bats (D:1)
  A rat (D:1)
13 creatures vanquished.

Grand Total: 39 creatures vanquished

Notes
Turn   | Place    | Note
-------+----------+-------------------------------------------
     0 | D:1      | ZARRMARR the Merfolk Summoner began the quest for the Orb.
     0 | D:1      | Reached XP level 1. HP: 13/13 MP: 3/3
   610 | D:1      | Reached XP level 2. HP: 19/19 MP: 3/5
  1581 | D:2      | Found a sparkling altar of Nemelex Xobeh.
  1644 | D:2      | Reached XP level 3. HP: 16/24 MP: 6/6
  2667 | D:2      | Reached skill level 1 in Throwing
  2964 | D:3      | Found a white marble altar of Elyvilon.
  3045 | D:3      | Reached skill level 1 in Polearms
  3161 | D:3      | Reached XP level 4. HP: 19/30 MP: 5/7
  3177 | D:3      | Slain by an orc wizard

Illustrated notes

Levels and vault maps discovered:
D:1:      dpeg_arrival_tiny_h, layout_basic
D:2:      layout_basic, basic_altar
D:3:      layout_basic, mainiacjoe_overflow_boulevard,
          ebering_ecumenical_altar_webs

Skill      XL: |  1  2  3 |
---------------+----------+-----
Throwing       | 1 |  1.2
Polearms       | 1 |  1.3
Dodging        | 3 |  3.0
Stealth        | 3 |  3.0
Fighting       | |  0.3
Unarmed Combat | |  0.2
Spellcasting   | |  2.3
Summonings     | |  4.6

Action                   |  1- 3 |  4- 6 || total
-------------------------+-------+-------++-------
Melee: Unarmed           |    15 |       ||    15
       Spear             |   110 |     8 ||   118
Throw: Stone             |    11 |       ||    11
       Dart              |    33 |     6 ||    39
 Cast: Summon Small Mamm |    24 |     3 ||    27
  Use: Scroll            |     1 |       ||     1
 Stab: Sleeping          |    12 |       ||    12
Armor: Robe              |    27 |       ||    27
Dodge: Dodged            |    62 |       ||    62
